 Dungeon Crawl Stone Soup version 0.27-a0-404-g4390dbc5be (webtiles) character file.

Game seed: 985284553109589785

2 Nattfarinn the Grave Robber (level 1, 0/13 HPs)
             Began as a Demonspawn Necromancer on Feb 22, 2021.
             Slain by a kobold
             ... wielding a +0 whip
              (2 damage)
             ... on level 1 of the Dungeon.
             The game lasted 00:00:39 (95 turns).

Nattfarinn the Grave Robber (Demonspawn Necromancer)  Turns: 95, Time: 00:00:40

Health: 0/13       AC:  5    Str:  8    XL:     1   Next: 33%
Magic:  2/3        EV: 10    Int: 16    God:
Gold:   16         SH:  0    Dex: 13    Spells: 3/4 levels left

rFire    . . .     SeeInvis .   (no weapon)
rCold    + . .     Faith    .   (no shield)
rNeg     . . .     Spirit   .   b - +0 ring mail {rC+}
rPois    .         Reflect  .   (no helmet)
rElec    .         Harm     .   (no cloak)
rCorr    .         Rampage  .   (no gloves)
Will     .....                  (no boots)
Stlth    +.........             (no amulet)
HPRegen  0.04/turn              (no ring)
MPRegen  0.08/turn              (no ring)

@: no status effects
A: no striking features
a: no special abilities


You were on level 1 of the Dungeon.
You visited 1 branch of the dungeon, and saw 1 of its levels.

You collected 16 gold pieces.

Inventory:

Armour
 a - a +0 robe
 b - a +0 ring mail of cold resistance (worn)
Potions
 c - 2 potions of haste {unknown}


   Skills:
 - Level 1.7 Dodging
 - Level 1.7 Stealth
 - Level 2.0 Spellcasting
 * Level 4.5 Necromancy


You had 3 spell levels left.
You knew the following spells:

 Your Spells              Type           Power        Failure   Level
a - Pain                  Necr           64%          10%         1

Your spell library contained the following spells:

 Spells                   Type           Power        Failure   Level
 Animate Skeleton         Necr           32%          10%         1
 Vampiric Draining        Necr           8%           30%         3
 Animate Dead             Necr           8%           69%         4
 Agony                    Necr           16%          95%         5


Dungeon Overview and Level Annotations

Branches:
Dungeon (1/15)

Altars:


Message History

You hit the bat.
The bat is severely wounded.
The bat hits you but does no damage. The frilled lizard barely misses you.
The bat hits you but does no damage. The bat closely misses you.
The bat hits you but does no damage.
The frilled lizard unfolds its giant frill.
The bat hits you but does no damage.
A kobold comes into view.
The bat hits you. The bat hits you but does no damage.
The kobold closely misses you. The bat closely misses you.
The kobold barely misses you. The bat hits you but does no damage.
The bat closely misses you. The bat hits you but does no damage.
The kobold throws a stone.
The stone hits you. The bat hits you. The bat barely misses you.
The bat barely misses you. The bat barely misses you. The bat hits you. x2
* * * LOW HITPOINT WARNING * * *
The bat closely misses you.
You barely miss the bat.
The bat is moderately wounded.
The bat completely misses you.
Casting: Pain (safe; 10% risk of failure)
Confirm with . or Enter, or press ? or * to list all spells.
Aiming: Pain (safe; 10% risk of failure)
Press: ? - help, Shift-Dir - straight line, f - bat, p - kobold
Aim: a bat (moderately wounded, chance to affect: 87%)
The bat writhes in agony.
You kill the bat!
Found 2 emerald potions. 2 kobolds come into view.
The kobold shouts!
The kobold hits you but does no damage.
You see here 2 emerald potions.
c - 2 emerald potions The kobold hits you with a +0 whip.
You die...

. ... #.###.#
... #. #l#
#.###.# #...K.#
#...### . #.#l#
.K. #.#l#
#..#K#.#
#....@.#
#..............
#.###....######
##.#.# ....#
##.### #. #.


You could see 3 kobolds and 2 frilled lizards.

Vanquished Creatures
  A kobold (D:1)
  A bat (D:1)
  A frilled lizard (D:1)
3 creatures vanquished.

Notes
Turn   | Place    | Note
-------+----------+-------------------------------------------
     0 | D:1      | Nattfarinn the Demonspawn Necromancer began the quest for
                  | the Orb.
     0 | D:1      | Reached XP level 1. HP: 13/13 MP: 3/3
    95 | D:1      | Slain by a kobold

Illustrated notes

Levels and vault maps discovered:
D:1:      roderic_crossed_star, layout_loops_ring, st_stairs_3,
          serial_bayou_pond_d

Action                   || total
-------------------------++-------
Melee: Unarmed           ||     7
 Cast: Pain              ||     5
Armor: Ring mail         ||    12
Dodge: Dodged            ||    19

Table legend: (Time is in decaauts)
 A = Elapsed time spent in this place.
 B = Non-inter-level travel time spent in this place.
 C = Inter-level travel time spent in this place.
 D = Time resting spent in this place.
 E = Time spent auto-exploring this place.
 F = Levels seen in this place.
 G = Mean time per level.
                   A        B        C        D        E       F      G
               +--------+--------+--------+--------+--------+-----+--------+
         Total |     95 |     90 |      5 |      0 |     38 |   1 |   95.0 |
       Dungeon |     95 |     90 |      5 |      0 |     38 |   1 |   95.0 |
               +--------+--------+--------+--------+--------+-----+--------+

Top non-repeatable levels by time:
     D:1: 95 daAuts
